 Dungeon Crawl Stone Soup version 0.30-a0-347-gf58ed5266c (webtiles) character file.

Game seed: 16091065400557358357

3244 avis the Skirmisher (level 9, -2/75 HPs)
             Began as a Demigod Ice Elementalist on Nov 7, 2022.
             Killed from afar by Erica (20 damage)
             ... with a lance of force
             ... on level 8 of the Dungeon.
             The game lasted 01:07:23 (9747 turns).

avis the Skirmisher (Demigod Ice Elementalist)      Turns: 9747, Time: 01:07:31

Health: -2/75      AC:  3    Str:  9    XL:     9   Next: 40%
Magic:  10/16      EV: 15    Int: 17    God:
Gold:   355        SH:  0    Dex: 32    Spells: 7/14 levels left

rFire   . . .      SeeInvis .    b - +1 shortbow (flame)
rCold   . . .      Faith    .    (shield currently unavailable)
rNeg    . . .      Spirit   .    J - +0 robe
rPois   .          Reflect  .    (no helmet)
rElec   .          Harm     .    C - +0 cloak
rCorr   .          Rampage  .    (no gloves)
Will    .....                    (no boots)
Stlth   +++.......               (no amulet)
HPRegen 0.32/turn                v - +6 ring of dexterity
MPRegen 0.15/turn                (no ring)

@: no status effects
A: high MP 1, forlorn, divine attributes
a: no special abilities


You were on level 8 of the Dungeon.
You visited 2 branches of the dungeon, and saw 9 of its levels.

You collected 491 gold pieces.
You spent 136 gold pieces at shops.

Inventory:

Hand Weapons
 a - a +5 short sword of freezing
 b - a +1 shortbow of flaming (weapon)
 f - a +2 great sword
 k - a +1 flail of protection
 w - a +2 vorpal mace
 N - a +0 spear of pain
 R - a +0 dagger of venom
Missiles
 e - 2 poisoned darts
 j - 4 boomerangs
 F - 4 throwing nets
 K - 4 javelins
 L - a curare-tipped dart
Armour
 C - a +0 cloak (worn)
 E - a +0 leather armour
 J - a +0 robe (worn)
 Q - a +0 buckler
Jewellery
 v - a +6 ring of dexterity (left hand)
Wands
 x - a wand of flame (33)
 y - a wand of mindburst (4)
 I - a wand of iceblast (4)
Scrolls
 g - a scroll of silence {unknown}
 h - 2 scrolls of poison {unknown}
 i - 2 scrolls of noise {unknown}
 l - 2 scrolls of butterflies {unknown}
 n - 5 scrolls of teleportation {unknown}
 o - 2 scrolls of enchant armour {unknown}
 p - a scroll of brand weapon
 q - 3 scrolls of fear {unknown}
 r - a scroll of summoning
 s - 2 scrolls of immolation {unknown}
 t - 2 scrolls of amnesia {unknown}
 u - 2 scrolls of vulnerability
 A - 2 scrolls of acquirement {unknown}
 M - 3 scrolls of magic mapping {unknown}
 P - 2 scrolls of torment {unknown}
Potions
 c - a potion of curing
 d - a potion of brilliance
 z - 3 potions of magic
 B - 4 potions of ambrosia
 D - 2 potions of cancellation
 G - a potion of flight
 H - 3 potions of might
 O - a potion of mutation


   Skills:
 - Level 6.0 Fighting
 * Level 9.7 Ranged Weapons
 - Level 3.0 Dodging
 - Level 2.0 Stealth
 - Level 3.0 Spellcasting
 - Level 5.0 Ice Magic


You had 7 spell levels left.
You knew the following spells:

 Your Spells              Type           Power      Damage    Failure   Level
a - Freeze                Ice            76%        1d8       2%          1
o - Ozocubu's Armour      Ice            19%        N/A       7%          3
r - Frozen Ramparts       Ice            38%        1d6       7%          3

Your spell library contained the following spells:

 Spells                   Type           Power      Damage    Failure   Level
 Magic Dart               Conj           8%         1d3       17%         1
 Scorch                   Fire           4%         2d5       26%         2
 Searing Ray              Conj           4%         2d4       26%         2
 Sublimation of Blood     Necr           2%         N/A       26%         2
 Gell's Gravitas          Tloc           2%         N/A       45%         3
 Lesser Beckoning         Tloc           4%         N/A       45%         3
 Teleport Other           Tloc           2%         N/A       45%         3
 Summon Ice Beast         Ice/Summ       11%        N/A       52%         4
 Flame Wave               Conj/Fire      2%         2d4       86%         4
 Fulminant Prism          Conj/Hex       1%         3d5       86%         4
 Petrify                  Tmut/Erth      2%         N/A       86%         4
 Irradiate                Conj/Tmut      1%         3d12      99%         5
 Summon Cactus Giant      Summ           1%         N/A       100%        6


Dungeon Overview and Level Annotations

Branches:
Dungeon (8/15)             Temple (1/1) D:5
   Lair: D:8-11

Shops:
D:2 (

Annotations:
D:3 1 runed translucent door, exclusion: door, Crazy Yiuf
D:8 Erica


Innate Abilities, Weirdness & Mutations

You have an increased reservoir of magic. (+10% MP)
You shall have no god before yourself.
Your divine heritage dramatically boosts your attributes as you level up.


Message History

You feel much better.
Erica resists.
The wall freezes Erica.
Erica hits you with a +4 scimitar of flaming!!
* * * LOW HITPOINT WARNING * * *
Erica burns you.
* * * LOW HITPOINT WARNING * * *
The heat melts your icy armour.
You feel much better.
The wall freezes Erica but does no damage.
Erica gestures wildly while chanting.
Erica flickers and vanishes!
Deactivating autopickup; reactivate with Ctrl-A.
Fire: b) +1 shortbow (flame)
Press: ? - help, Q - select action, (/) - cycle Shift-Dir - straight line You shoot an arrow.
The wall freezes something.
Something hits you! Something burns you. The heat melts your icy armour.
Unknown command.
Fire: b) +1 shortbow (flame)
Press: ? - help, Q - select action, (/) - cycle Shift-Dir - straight line You shoot an arrow.
The wall freezes something but does no damage.
Something hits you!
* * * LOW HITPOINT WARNING * * *
Something burns you.
* * * LOW HITPOINT WARNING * * *
The heat melts your icy armour.
You feel better.
The wall freezes something but does no damage.
Something hits you.
* * * LOW HITPOINT WARNING * * *
Something burns you.
* * * LOW HITPOINT WARNING * * *
The heat melts your icy armour.
You feel better.
Your icy armour evaporates.
The frozen ramparts melt away.
You hear some strange, mumbled words.
A lance of force appears from out of thin air!
The lance of force hits you!!
You die...

#.. ##...
#..# #.....
#..##......
#..#.......
#..........
#..........
#..........
#..{# #.@.#
#...# #)..#
##...##
#.....###
#.......##
#........#
#........##
#.........#


There were no monsters in sight!

Vanquished Creatures
  Sigmund (D:5)
  A steam dragon (D:7)
  Menkaure (D:7)
  An acid dragon (D:7)
  6 sky beasts
  2 black bears (D:6)
  A centaur (D:7)
  An ogre (D:5)
  2 kobold brigands
  A bullfrog (D:8)
  A necrophage (D:5)
  2 gnoll sergeants (D:7)
  2 wights
  5 howler monkeys
  4 hounds
  4 jellies
  A gnoll bouda (D:7)
  6 orc priests
  4 iguanas
  Jessica (D:3)
  5 orc wizards
  Terence (D:3)
  8 adders
  18 gnolls
  3 white imps (D:6)
  2 ufetubi
  3 worms
  13 dart slugs
  20 orcs
  8 ball pythons
  10 endoplasms
  3 giant cockroaches
  8 goblins
  9 hobgoblins
  4 jackals (D:1)
  18 kobolds
  A quokka (D:3)
  3 bats
  A frilled lizard (D:1)
  7 rats
192 creatures vanquished.

Vanquished Creatures (others)
  A kobold (D:5)
1 creature vanquished.

Grand Total: 193 creatures vanquished

Notes
Turn   | Place    | Note
-------+----------+-------------------------------------------
     0 | D:1      | avis the Demigod Ice Elementalist began the quest for the
                  | Orb.
     0 | D:1      | Reached XP level 1. HP: 14/14 MP: 5/5
   151 | D:1      | Reached skill level 1 in Fighting
   422 | D:1      | Reached XP level 2. HP: 18/23 MP: 4/7
  1447 | D:2      | Reached XP level 3. HP: 28/28 MP: 1/9
  1519 | D:2      | Learned a level 3 spell: Frozen Ramparts
  1523 | D:2      | Learned a level 3 spell: Ozocubu's Armour
  2299 | D:2      | Found Wuhist's Weapon Boutique.
  3070 | D:3      | Reached XP level 4. HP: 7/36 MP: 1/11
  3544 | D:3      | Found a runed translucent door.
  3545 | D:3      | Noticed Crazy Yiuf
  3832 | D:3      | Noticed Terence
  3843 | D:3      | Killed Terence
  3844 | D:3      | Reached XP level 5. HP: 14/41 MP: 0/12
  4094 | D:3      | Noticed Jessica
  4111 | D:3      | Killed Jessica
  4112 | D:3      | Reached skill level 5 in Ice Magic
  4465 | D:2      | Bought a +1 shortbow of flaming for 136 gold pieces
  4848 | D:4      | Reached skill level 1 in Ranged Weapons
  4848 | D:4      | Reached XP level 6. HP: 51/51 MP: 6/13
  5139 | D:4      | Reached skill level 2 in Ranged Weapons
  5245 | D:5      | Entered Level 5 of the Dungeon
  5245 | D:5      | Noticed Sigmund
  5635 | D:4      | Reached skill level 3 in Ranged Weapons
  5771 | D:5      | Killed Sigmund
  5772 | D:5      | Reached skill level 4 in Ranged Weapons
  5772 | D:5      | Reached XP level 7. HP: 17/57 MP: 2/14
  6257 | D:5      | Found a staircase to the Ecumenical Temple.
  6305 | Temple   | Entered the Ecumenical Temple
  6395 | D:5      | Reached skill level 5 in Ranged Weapons
  6978 | D:6      | Reached XP level 8. HP: 37/66 MP: 9/15
  6981 | D:6      | Reached skill level 6 in Ranged Weapons
  6990 | D:6      | Reached skill level 5 in Fighting
  7082 | D:6      | Reached skill level 7 in Ranged Weapons
  7843 | D:7      | Reached skill level 8 in Ranged Weapons
  8186 | D:7      | Reached XP level 9. HP: 37/75 MP: 8/16
  8368 | D:7      | Noticed Menkaure
  8724 | D:7      | Reached skill level 9 in Ranged Weapons
  8827 | D:7      | Killed Menkaure
  9720 | D:8      | Noticed Erica
  9747 | D:8      | Killed from afar by Erica

Illustrated notes

Levels and vault maps discovered:
D:1:      shiori_arrival_maze, layout_basic, chequers_ecumenical_altar_twisty,
          minmay_misc_feat_more_columns, serial_park_tiny_2
D:2:      layout_basic, serial_shops, nicolae_shop_bloodbath_and_beyond,
          minmay_unequal
D:3:      layout_loops_ring, kennysheep_jessica_study, uniq_terence,
          uniq_crazy_yiuf_cottage
D:4:      kennysheep_slugbush, layout_rooms,
          mainiacjoe_overflow_six_doors_small, mainiacjoe_overflow_alcove_2,
          mainiacjoe_overflow_catch_the_wave
D:5:      layout_loops_cross, minmay_temple_entry_proselytizer,
          skrybe_limestone_x, kennysheep_nub, uniq_sigmund
D:6:      hangedman_cross_stitches, layout_rooms,
          mainiacjoe_overflow_large_starburst
D:7:      layout_gridville, small_statue_intersection, uniq_menkaure
D:8:      layout_cave_pods, eino_small_chamber_without_monster, uniq_erica
Temple:   minmay_temple_bridge_d

Skill      XL: |  1  2  3  4  5  6  7  8  9 |
---------------+----------------------------+-----
Fighting       | 1 2 3 4 6 |  6.0
Ice Magic      | 4 5 |  5.0
Spellcasting   | 2 3 |  3.0
Dodging        | 2 3 |  3.0
Stealth        | 2 |  2.0
Ranged Weapons | 1 4 5 8 9 |  9.7

Action                   |  1- 3 |  4- 6 |  7- 9 || total
-------------------------+-------+-------+-------++-------
Melee: Short sword       |    19 |    11 |       ||    30
       Mace              |       |     5 |       ||     5
 Fire: Shortbow          |       |    99 |   210 ||   309
Throw: Boomerang         |       |     3 |       ||     3
 Cast: Freeze            |    53 |    15 |       ||    68
       Frozen Ramparts   |     9 |    18 |    31 ||    58
       Ozocubu's Armour  |     7 |    14 |    26 ||    47
Evoke: Wand              |       |     1 |       ||     1
  Use: Potion            |       |     1 |     4 ||     5
       Scroll            |       |       |    12 ||    12
 Stab: Sleeping          |     9 |     3 |       ||    12
Armor: Robe              |    10 |    29 |    10 ||    49
       Leather armour    |       |       |    11 ||    11
Dodge: Dodged            |    24 |    61 |    66 ||   151

Table legend: (Time is in decaauts)
 A = Elapsed time spent in this place.
 B = Non-inter-level travel time spent in this place.
 C = Inter-level travel time spent in this place.
 D = Time resting spent in this place.
 E = Time spent auto-exploring this place.
 F = Levels seen in this place.
 G = Mean time per level.
                   A        B        C        D        E       F      G
               +--------+--------+--------+--------+--------+-----+--------+
         Total |   9848 |   8871 |    977 |   3508 |   3078 |   9 | 1094.2 |
       Dungeon |   9819 |   8842 |    977 |   3508 |   3078 |   8 | 1227.4 |
        Temple |     28 |     28 |      0 |      0 |      0 |   1 |   28.0 |
               +--------+--------+--------+--------+--------+-----+--------+

Top non-repeatable levels by time:
     D:2: 1658 daAuts
     D:7: 1587 daAuts
     D:3: 1531 daAuts
     D:1: 1316 daAuts
     D:4: 1302 daAuts
     D:5: 1111 daAuts
     D:6: 1046 daAuts
     D:8: 264 daAuts
  Temple: 28 daAuts
